 Dungeon Crawl Stone Soup version 0.30-a0-329-g85436e0a43 (webtiles) character file.

Game seed: 12323033057331292128

324 IdlyInterested the Covered (level 6, 0/43 HPs)
             Began as a Demonspawn Wanderer on Oct 28, 2022.
             Splashed by a jelly's acid (5 damage)
             ... on level 5 of the Dungeon.
             The game lasted 00:10:56 (4788 turns).

IdlyInterested the Covered (Demonspawn Wanderer)    Turns: 4788, Time: 00:10:57

Health: 0/43       AC: -1    Str: 12    XL:     6   Next: 23%
Magic:  9/9        EV:  5    Int: 13    God:
Gold:   124        SH: 14    Dex: 15    Spells: 8/9 levels left

rFire   + + .      SeeInvis .    a - +2 mace
rCold   . . .      Faith    .    g - +1 tower shield
rNeg    . . .      Spirit   .    e - +0 scale mail
rPois   .          Reflect  .    (no helmet)
rElec   .          Harm     .    (no cloak)
rCorr   .          Rampage  .    d - -2 pair of gloves of the Original Sin {rF++}
Will    .....                    (no boots)
Stlth   ..........               (no amulet)
HPRegen 0.27/turn                (no ring)
MPRegen 0.22/turn                (no ring)

@: corroded
A: magic regeneration, weakness stinger 1
a: no special abilities


You were on level 5 of the Dungeon.
You visited 2 branches of the dungeon, and saw 6 of its levels.

You collected 124 gold pieces.

Inventory:

Hand Weapons
 a - a +2 mace (weapon)
Missiles
 l - 2 boomerangs
Armour
 b - a +0 ring mail
 d - the -2 pair of gloves of the Original Sin (worn) {rF++}
   (You acquired it on level 2 of the Dungeon)

   rF:        It greatly protects you from fire.
 e - a +0 scale mail (worn)
 g - a +1 tower shield (worn)
 s - a +0 chain mail
Jewellery
 m - a ring of fire
Wands
 r - a wand of charming (3)
Scrolls
 h - 3 scrolls of fear
 j - 4 scrolls of butterflies
 p - a scroll of teleportation
Potions
 c - 6 potions of heal wounds
 f - a potion of invisibility
 i - a potion of flight
 n - a potion of curing
 o - a potion of attraction
 q - a potion of magic
 t - a potion of resistance {unknown}


   Skills:
 - Level 1.0 Fighting
 - Level 2.6 Maces & Flails
 - Level 4.0 Armour
 + Level 1.6 Dodging
 * Level 4.0 Shields
 * Level 2.3 Spellcasting
 - Level 2.0 Ice Magic


You had 8 spell levels left.
You knew the following spells:

 Your Spells              Type           Power      Damage    Failure   Level
a - Freeze                Ice            24%        1d4       99%         1

Your spell library contained the following spells:

 Spells                   Type           Power      Damage    Failure   Level
 Magic Dart               Conj           4%         1d3       100%        1
 Call Imp                 Summ           1%         N/A       100%        2
 Frozen Ramparts          Ice            12%        1d2       100%        3
 Mephitic Cloud           Conj/Pois/Air  1%         N/A       100%        3


Dungeon Overview and Level Annotations

Branches:
Dungeon (5/15)             Temple (1/1) D:4

Altars:
Cheibriados
Dithmenos
Fedhas
Hepliaklqana
Kikubaaqudgha
Okawaru
Trog
Vehumet
Xom
Yredelemnul


Innate Abilities, Weirdness & Mutations

You regenerate magic rapidly.
You have a small tail.


Message History

You start resting.
An adder comes into view.
The adder barely misses you.
You see here a hound corpse.
You hit the adder.
The adder is heavily wounded.
You block the adder's attack. The adder completely misses you.
You sock the adder!
You kill the adder!
Your Shields skill increases to level 4!
You start resting.
HP restored.
You now have 124 gold pieces (gained 16).
As you open the door, it creaks loudly!
Found a robe.
A jelly comes into view.
The jelly quivers.
Found a scroll labelled DORHEO LENAGO.
You block the jelly's attack.
You hit the jelly but do no damage.
Your hands burn!
You block the jelly's attack.
You barely miss the jelly. The jelly closely misses you.
You block the jelly's attack.
You hit the jelly but do no damage. The acid corrodes you!
Your hands burn!
The jelly hits you. The acid corrodes you!
You are splashed with acid!
The jelly hits you.
You are splashed with acid!
You hit the jelly.
Your hands burn!
You tail-slap the jelly, but do no damage.
The jelly is lightly wounded.
You block the jelly's attack.
You hit the jelly but do no damage.
Your hands burn!
* * * LOW HITPOINT WARNING * * *
The jelly is lightly wounded.
You block the jelly's attack. x2
You hit the jelly. The acid corrodes you!
Your hands burn!
* * * LOW HITPOINT WARNING * * *
The jelly is moderately wounded.
You block the jelly's attack. The jelly hits you.
* * * LOW HITPOINT WARNING * * *
The acid corrodes you!
You are splashed with acid.
You die...

#....†..... .
#....##.### .
#....÷..... ##?
#########...###.###
+..##.......'...'.#.#
#.....######...#.#.#
#.[............#.#.#
#......#########.#.#
#....@...........#.#
#....J############.#
#.....+ #.....#
#######


You could see a jelly.

Vanquished Creatures
  A water moccasin (D:5)
  A hound (D:5)
  Ijyb (D:3)
  10 adders
  8 ball pythons
  5 endoplasms
  A giant cockroach (D:3)
  11 goblins
  9 hobgoblins
  8 jackals
  A quokka (D:1)
  6 bats
  5 frilled lizards
  8 kobolds
  7 rats
82 creatures vanquished.

Notes
Turn   | Place    | Note
-------+----------+-------------------------------------------
     0 | D:1      | IdlyInterested the Demonspawn Wanderer began the quest for
                  | the Orb.
     0 | D:1      | IdlyInterested set off with the following items: a +2 mace,
                  | a +0 ring mail, a potion of heal wounds; and the following
                  | spell memorised: Freeze; and the following spells available
                  | to memorise: Frozen Ramparts.
     0 | D:1      | Reached XP level 1. HP: 15/15 MP: 2/2
   217 | D:1      | Gained mutation: You regenerate magic rapidly. [demonic
                  | ancestry]
   217 | D:1      | Reached XP level 2. HP: 21/21 MP: 3/3
  1046 | D:2      | Gained mutation: You have a small tail. [demonic ancestry]
  1046 | D:2      | Reached XP level 3. HP: 18/26 MP: 4/4
  1047 | D:2      | Identified a scroll of acquirement
  1047 | D:2      | Acquired the -2 pair of gloves of the Original Sin {rF++}
  1545 | D:2      | Reached skill level 1 in Shields
  1836 | D:2      | Reached XP level 4. HP: 19/32 MP: 6/6
  2624 | D:3      | Found a faded altar of an unknown god.
  2676 | D:3      | Found a radiant altar of Vehumet.
  2889 | D:3      | Reached skill level 1 in Dodging
  3059 | D:3      | Reached XP level 5. HP: 37/37 MP: 8/8
  3139 | D:3      | Noticed Ijyb
  3162 | D:3      | Killed Ijyb
  4057 | D:4      | Found a staircase to the Ecumenical Temple.
  4066 | Temple   | Entered the Ecumenical Temple
  4413 | D:5      | Entered Level 5 of the Dungeon
  4561 | D:5      | Noticed a water moccasin
  4572 | D:5      | Killed a water moccasin
  4573 | D:5      | Reached XP level 6. HP: 13/43 MP: 9/9
  4580 | D:5      | HP: 2/43 [poisoned by a water moccasin]
  4788 | D:5      | Splashed by a jelly's acid

Illustrated notes

Levels and vault maps discovered:
D:1:      psy_arrival_statuary, layout_loops_ring, chequers_serial_rivers_marsh
D:2:      layout_loops_corners, serial_co_window_serial,
          co_window_of_opportunity_a, co_window_of_opportunity_a,
          co_window_corner_a, co_window_of_opportunity_a, co_window_corner_a,
          co_window_broadway_c, co_window_corner_ca, co_window_of_opportunity_c,
          co_window_of_opportunity_b, co_window_corner_cb, co_window_paths_d,
          glass_columns_a, glass_columns_c, glass_columns_a, minmay_mini_jars
D:3:      layout_basic, mainiacjoe_overflow_brackets,
          ebering_ecumenical_altar_hall, uniq_ijyb
D:4:      layout_gridville, minmay_temple_entry_gardened_gates
D:5:      layout_basic, minivault_24
Temple:   nicolae_temple_ecumenical_triangle

Skill      XL: |  1  2  3  4  5  6 |
---------------+-------------------+-----
Armour         | 4 |  4.0
Ice Magic      | 2 |  2.0
Shields        | 1 2 3 4 |  4.0
Spellcasting   | 2 |  2.3
Dodging        | 1 |  1.6
Fighting       | |  1.0
Maces & Flails | |  2.6

Action                   |  1- 3 |  4- 6 || total
-------------------------+-------+-------++-------
Melee: Mace              |   111 |   137 ||   248
       Tailslap          |     6 |    20 ||    26
  Use: Scroll            |     5 |     9 ||    14
Armor: Scale mail        |    50 |    82 ||   132
Dodge: Dodged            |    45 |    34 ||    79
Block: Tower shield      |    57 |   129 ||   186

Table legend: (Time is in decaauts)
 A = Elapsed time spent in this place.
 B = Non-inter-level travel time spent in this place.
 C = Inter-level travel time spent in this place.
 D = Time resting spent in this place.
 E = Time spent auto-exploring this place.
 F = Levels seen in this place.
 G = Mean time per level.
                   A        B        C        D        E       F      G
               +--------+--------+--------+--------+--------+-----+--------+
         Total |   4941 |   4198 |    743 |    484 |   2761 |   6 |  823.5 |
       Dungeon |   4898 |   4155 |    743 |    484 |   2743 |   5 |  979.6 |
        Temple |     43 |     43 |      0 |      0 |     18 |   1 |   43.0 |
               +--------+--------+--------+--------+--------+-----+--------+

Top non-repeatable levels by time:
     D:2: 1582 daAuts
     D:1: 1066 daAuts
     D:4: 1056 daAuts
     D:3: 935 daAuts
     D:5: 257 daAuts
  Temple: 43 daAuts
